 Dungeon Crawl Stone Soup version 0.31.0-9-g3a7656b989 (webtiles) character file.

Game seed: 10701616776466982280

114 qw the Shooter (level 4, -1/23 HPs)
             Began as a Spriggan Hunter on Feb 2, 2024.
             Slain by an adder (2 damage)
             ... on level 3 of the Dungeon.
             The game lasted 00:00:05 (1465 turns).

qw the Shooter (Spriggan Hunter)                    Turns: 1465, Time: 00:00:06

Health: -1/23      AC:  2    Str:  7    XL:     4   Next: 66%
Magic:  5/5        EV: 20    Int: 10    God:
Gold:   102        SH:  0    Dex: 20    Spells: 3/3 levels left

rFire   . . .        a - +0 shortbow
rCold   . . .        (shield currently unavailable)
rNeg    . . .        c - +0 robe
rPois   .            (helmet restricted)
rElec   .            (no cloak)
rCorr   .            (gloves unavailable)
SInv    +            (boots unavailable)
Will    .....        (no amulet)
Stlth   ++           (no ring)
HPRegen 0.23/turn    (no ring)
MPRegen 0.09/turn

%: no passive effects
@: lethally poisoned (-1 -> -5), very quick
A: very small, no large weapons, unfitting armour, see invisible, speed 3
a: no special abilities


You were on level 3 of the Dungeon.
You visited 1 branch of the dungeon, and saw 3 of its levels.

You collected 129 gold pieces.
You spent 27 gold pieces at shops.


Innate Abilities, Weirdness & Mutations

You are very small and have problems with some larger weapons.
You are too small for most types of armour.
You have supernaturally acute eyesight. (SInv)
You cover ground extremely quickly. (Speed+++)


   Skills:
 + Level 1.9 Fighting
 - Level 5.0 Ranged Weapons
 - Level 5.0 Dodging
 - Level 1.5 Stealth


You had 3 spell levels left.
You didn't know any spells.
Your spell library was empty.

Inventory:

Hand Weapons
 a - a +0 shortbow (weapon)
Armour
 c - a +0 robe (worn)
Potions
 b - a potion of might
 f - a potion of haste

Dungeon Overview and Level Annotations

Branches:
Dungeon (3/15)

Altars:

Shops:
D:1 *

Portals:
Sewer: D:3


Message History

You shoot an arrow. The arrow hits the jackal.
You kill the jackal!
You shoot an arrow. The arrow hits the ball python!
You kill the ball python!
The giant cockroach waves its antennae.
You shoot an arrow. The arrow hits the endoplasm!
You kill the endoplasm!
You open the door. The adder misses you.
There are monsters nearby!
You shoot an arrow. The arrow hits the adder.
The adder is lightly wounded.
The adder bites you.
You are poisoned.
The adder poisons you!
You shoot an arrow. The arrow misses the adder.
The arrow hits the giant cockroach but does no damage.
You feel sick. The adder bites you.
You are more poisoned.
The adder poisons you! The adder closely misses you.
You shoot an arrow. The arrow hits the adder.
The adder is lightly wounded.
You feel sick. The adder closely misses you.
You shoot an arrow. The arrow hits the adder.
The adder is severely wounded.
You feel very sick. The adder completely misses you. The adder bites you.
You shoot an arrow. The arrow barely misses the adder.
The arrow hits the giant cockroach.
You kill the giant cockroach!
You feel sick. The adder closely misses you.
You shoot an arrow. The arrow closely misses the adder.
You feel sick. The adder misses you. The adder bites you.
You are lethally poisoned!
The adder poisons you!
You shoot an arrow. The arrow misses the adder.
You feel very sick. The adder bites you.
You shoot an arrow. The arrow closely misses the adder.
You feel sick. The adder bites you.
You die...

#.#####..
#.#~~~#.#
#.#~~~#!#
###.#~\~#.#
....#~B~#.#
#.#~BB#.# ##
###.##S##.# ##.
.......@..#
##### #..
###.#.%#..#
#...# .#.#
##.#.####...#
....
%.#........# ###
...#........# #
...%#........#
.....######...#
...... #...#
#####...########


You could see an adder and 3 giant cockroaches.

Vanquished Creatures
  Robin (D:2)
  3 adders (D:2)
  3 dart slugs (D:1)
  A ribbon worm (D:3)
  An orc (D:3)
  6 ball pythons
  2 bats (D:2)
  6 endoplasms
  5 giant cockroaches
  13 goblins
  5 hobgoblins
  5 jackals
  3 kobolds
  2 frilled lizards (D:2)
  4 rats
60 creatures vanquished.

Notes
Turn   | Place    | Note
-------+----------+-------------------------------------------
     0 | D:1      | qw the Spriggan Hunter began the quest for the Orb.
     0 | D:1      | Reached XP level 1. HP: 10/10 MP: 2/2
     0 | D:1      | 0 ||| qw: Version: 0.3-a-155-g5e7d8dd
     0 | D:1      | 0 ||| qw: Game counter: 2760
     0 | D:1      | 0 ||| qw: Melee chars always use a shield: true
     0 | D:1      | 0 ||| qw: God list: Okawaru
     0 | D:1      | 0 ||| qw: Allow faded altars: false
     0 | D:1      | 0 ||| qw: Do Orc after clearing Dungeon:15 true
     0 | D:1      | 0 ||| qw: Do second Lair branch before Depths: true
     0 | D:1      | 0 ||| qw: Lair rune preference: random
     0 | D:1      | 0 ||| qw: Goals: Normal
     0 | D:1      | 0 ||| PLANNING D:1-11
    28 | D:1      | Reached skill level 3 in Dodging
    75 | D:1      | Reached XP level 2. HP: 14/14 MP: 3/3
   227 | D:1      | Found Wipriril's Assorted Antiques.
   238 | D:1      | 238 ||| SHOPLISTING glowing wooden wand (120 gold, have
                  | 37).
   238 | D:1      | 238 ||| BUYING metallic ruby potion (27 gold).
   238 | D:1      | Bought a metallic ruby potion for 27 gold pieces
   238 | D:1      | 238 ||| SHOPLISTING sapphire potion (27 gold, have 10).
   238 | D:1      | 238 ||| SHOPLISTING scroll labelled GUIXKI SOFIOSHRI (30
                  | gold, have 10).
   238 | D:1      | 238 ||| SHOPLISTING scroll labelled PEUDUJ SOYW (30 gold,
                  | have 10).
   238 | D:1      | 238 ||| SHOPLISTING scroll labelled TUMELY XIMMA (30 gold,
                  | have 10).
   378 | D:1      | Reached XP level 3. HP: 16/18 MP: 4/4
   391 | D:1      | Found a faded altar of an unknown god.
   396 | D:1      | 396 ||| READING 2 scrolls labelled TUMELY XIMMA.
   396 | D:1      | 396 ||| IDENTIFYING metallic ruby potion
   397 | D:1      | 397 ||| READING scroll of identify.
   397 | D:1      | 397 ||| IDENTIFYING scroll labelled BALOYN PEUT
   398 | D:1      | 398 ||| DROPPING scroll of butterflies.
   399 | D:1      | 399 ||| DROPPING scroll of vulnerability.
   717 | D:2      | Noticed Robin
   731 | D:2      | Reached XP level 4. HP: 15/22 MP: 5/5
   746 | D:2      | HP: 5/22 [Robin/+0 trident (3)]
   749 | D:2      | Killed Robin
  1043 | D:2      | 1043 ||| READING scroll of identify.
  1043 | D:2      | 1043 ||| IDENTIFYING pink potion
  1044 | D:2      | 1044 ||| READING scroll labelled VAWUHU HIFO.
  1045 | D:2      | 1045 ||| READING scroll labelled VYFUDI KALIRO.
  1046 | D:2      | 1046 ||| READING scroll labelled VOAHADUT SYASE.
  1173 | D:3      | 1173 ||| PLANNING SEWER
  1401 | D:3      | Found a glowing drain.
  1402 | D:3      | 1402 ||| READING scroll labelled FAEDAR KARUST.
  1464 | D:3      | HP: 3/23 [poisoned by an adder]
  1464 | D:3      | HP: 1/23 [adder (2)]
  1465 | D:3      | Slain by an adder

Levels and vault maps discovered:
D:1:      psy_arrival_statuary, layout_basic, basic_ecumenical_altar,
          serial_shops, shop
D:2:      layout_loops_ring, minmay_fountain_box, uniq_robin
D:3:      layout_basic, mainiacjoe_overflow_surrounded_room,
          cheibrodos_ashenzari_chains, gup_sewer_entry_glass,
          hangedman_decor_points, minivault_11, item_on_display_a

Skill      XL: |  1  2  3  4 |
---------------+-------------+-----
Dodging        | 3 4 5 |  5.0
Ranged Weapons | 5 |  5.0
Fighting       | |  1.9
Stealth        | |  1.5

Action                     |  1- 3 |  4- 6 || total
---------------------------+-------+-------++-------
   Fire: Shortbow          |    80 |    60 ||   140
    Use: Scroll            |     2 |     5 ||     7
 Armour: Robe              |     9 |    14 ||    23
  Dodge: Dodged            |    21 |    31 ||    52

Table legend:
 A = Non-vault XP
 B = Vault XP
 C = Vault XP percentage of total XP
 D = Non-vault monster count
 E = Vault monster count
 F = Vault count percentage of total count
                 A         B        C        D         E       F
            +---------+---------+-------+---------+---------+-------
      Total |     123 |      40 |  24.5 |      46 |      14 |  23.3
            +---------+---------+-------+---------+---------+-------
        D:1 |      41 |       0 |   0.0 |      19 |       0 |   0.0
        D:2 |      60 |      38 |  38.8 |      16 |      13 |  44.8
        D:3 |      22 |       2 |   8.3 |      11 |       1 |   8.3
            +---------+---------+-------+---------+---------+-------
